 Dungeon Crawl Stone Soup version 0.30-a0-170-g85af917532 (webtiles) character file.

Game seed: 1017085773034336105

268 qw the Chopper (level 6, -7/37 HPs)
             Began as a Gargoyle Fighter on Sept 30, 2022.
             Mangled by an ogre
             ... wielding a +0 giant club
              (17 damage)
             ... on level 4 of the Dungeon.
             The game lasted 00:00:57 (2785 turns).

qw the Chopper (Gargoyle Fighter)                   Turns: 2785, Time: 00:00:57

Health: -7/37      AC: 17    Str: 22    XL:     6   Next: 21%
Magic:  6/6        EV:  7    Int:  8    God:
Gold:   92         SH:  4    Dex:  9    Spells: 5/5 levels left

rFire   . . .      SeeInvis .    Y - +0 war axe
rCold   . . .      Faith    .    c - +0 buckler
rNeg    + . .      Spirit   .    m - +0 chain mail
rPois   inf        Reflect  .    h - +0 helmet
rElec   +          Harm     .    (no cloak)
rCorr   .          Rampage  .    a - +0 pair of gloves
Will    .....                    l - +0 pair of boots
Stlth   ..........               (no amulet)
HPRegen 0.12/turn                (no ring)
MPRegen 0.10/turn                (no ring)

@: no status effects
A: sickness immunity, AC +4, negative energy resistance 1, electricity
resistance, torment resistance 1, petrification resistance
a: no special abilities


You were on level 4 of the Dungeon.
You visited 1 branch of the dungeon, and saw 4 of its levels.

You collected 132 gold pieces.
You spent 40 gold pieces at shops.


Innate Abilities, Weirdness & Mutations

You are immune to sickness and miasma.
Your stone body is resilient. (AC +4)
You are immune to poison.
You resist negative energy. (rN+)
You are resistant to electric shocks. (rElec)
You are resistant to unholy torment.
You are immune to petrification.


   Skills:
 + Level 3.2 Fighting
 - Level 5.6 Axes
 - Level 1.1 Throwing
 - Level 3.2 Armour
 - Level 3.2 Shields


You had 5 spell levels left.
You didn't know any spells.
Your spell library was empty.

Inventory:

Hand Weapons
 f - a +0 flail
 Y - a +0 war axe (weapon)
Missiles
 j - 2 javelins (quivered)
Armour
 a - a +0 pair of gloves (worn)
 c - a +0 buckler (worn)
 h - a +0 helmet (worn)
 l - a +0 pair of boots (worn)
 m - a +0 chain mail (worn)
Scrolls
 b - 3 scrolls of teleportation
 p - a scroll of identify
Potions
 d - 3 potions of might
 e - a potion of lignification {unknown}
 g - a potion of resistance {unknown}
 i - a potion of attraction {unknown}
 k - a potion of berserk rage {unknown}
 n - a potion of degeneration {unknown}
 o - a potion of mutation {unknown}

Dungeon Overview and Level Annotations

Branches:
Dungeon (4/15)
 Temple: D:4-7

Altars:
Hepliaklqana
The Shining One

Shops:
D:2 *


Message History

Found a stone staircase leading up.
Enter note:
Enter note:
p - a scroll of identify
There is an open door here.
You open the door.
Found 9 stones.
There is an open door here.
You see here 9 stones.
As you open the door, it creaks loudly!
A jelly comes into view.
Found 9 gold pieces.
The jelly quivers.
There is an open door here.
Enter note: Throw: 2 javelins
Press: ? - help, Q - select action Shift-Dir - straight line, f - jelly You throw a javelin.
The javelin pierces through the jelly!
The jelly is severely wounded.
You slash the jelly!
You kill the jelly!
Your Throwing skill increases to level 1!
You now have 92 gold pieces (gained 9).
j - 2 javelins (gained 1)
You open the door.
Found an escape hatch in the floor.
Enter note:
There is an open door here.
You open the door.
An ogre comes into view. It is wielding a +0 giant club.
The ogre shouts!
There is an open door here.
You slash the ogre!
The ogre is moderately wounded.
The ogre hits you with a +0 giant club!!
Ouch! That really hurt!
You slash the ogre!
The ogre is severely wounded.
The ogre hits you with a +0 giant club!
You die...

# #######
###########.....#####
#.........#.....@...#
#.........'.....#O..#
#..##.....#.....#..##
#..##.....#.....#..#
#...#.....#....>#..#
#...#.....#.....#...
'...+.....#.....#...+
#...#.....#.....#...#
#...#.....#.....#


You could see an ogre.

Vanquished Creatures
  An ogre (D:4)
  A jelly (D:4)
  3 adders
  7 gnolls
  A worm (D:2)
  3 dart slugs (D:3)
  An orc (D:3)
  4 endoplasms
  2 giant cockroaches
  3 goblins
  4 hobgoblins
  5 kobolds
  2 quokkas
  10 ball pythons
  A bat (D:3)
  4 frilled lizards
  7 rats
59 creatures vanquished.

Notes
Turn   | Place    | Note
-------+----------+-------------------------------------------
     0 | D:1      | qw the Gargoyle Fighter began the quest for the Orb.
     0 | D:1      | Reached XP level 1. HP: 14/14 MP: 1/1
     0 | D:1      | 0 ||| qw: Version: 0.2-a-12-gaebbb33
     0 | D:1      | 0 ||| qw: Game counter: 1608
     0 | D:1      | 0 ||| qw: Always use a shield: true
     0 | D:1      | 0 ||| qw: God list: Okawaru
     0 | D:1      | 0 ||| qw: Allow faded altars: false
     0 | D:1      | 0 ||| qw: Do Orc after D:15 true
     0 | D:1      | 0 ||| qw: Do second Lair branch before Depths: true
     0 | D:1      | 0 ||| qw: Lair rune preference: random
     0 | D:1      | 0 ||| qw: Plans: Normal, Zot:1-4, God:TSO, Crypt, Tomb,
                  | Pan, Slime:5, Hells, Abyss, Orb
     0 | D:1      | 0 ||| PLANNING D:1-11
    56 | D:1      | 56 ||| Stepping ~*~*~tactically~*~*~ (stealth).
    71 | D:1      | Reached skill level 2 in Axes
   153 | D:1      | 153 ||| Stepping ~*~*~tactically~*~*~ (stealth).
   162 | D:1      | Reached XP level 2. HP: 18/19 MP: 2/2
   194 | D:1      | 194 ||| Stepping ~*~*~tactically~*~*~ (stealth).
   610 | D:1      | 610 ||| UPGRADING to +0 pair of boots.
   615 | D:1      | 615 ||| UPGRADING to +0 chain mail.
   625 | D:1      | 625 ||| DROPPING +0 scale mail.
   626 | D:1      | 626 ||| READING scroll labelled ETEWNO VUSSOSI.
   629 | D:1      | 629 ||| READING scroll labelled NISO OJONON MEDO.
   630 | D:1      | 630 ||| READING scroll labelled YGGIUXZ OTOW.
   631 | D:1      | 631 ||| DRINKING 2 murky coppery potions.
   632 | D:1      | 632 ||| DROPPING potion of brilliance.
   652 | D:2      | 652 ||| STAIRDANCE
   657 | D:2      | 657 ||| STAIRDANCE
   664 | D:2      | 664 ||| STAIRDANCE
   723 | D:2      | Reached skill level 3 in Axes
   733 | D:2      | Reached XP level 3. HP: 18/23 MP: 3/3
   834 | D:2      | 834 ||| Stepping ~*~*~tactically~*~*~ (stealth).
   838 | D:2      | 838 ||| Stepping ~*~*~tactically~*~*~ (hiding).
   853 | D:2      | Reached XP level 4. HP: 9/28 MP: 4/4
  1113 | D:2      | 1113 ||| Stepping ~*~*~tactically~*~*~ (stealth).
  1128 | D:2      | Reached skill level 4 in Axes
  1296 | D:2      | Found Pyak's General Store.
  1309 | D:2      | 1309 ||| SHOPLISTING +6 scale mail "Wonidu" {rPois Regen+
                  | Int+4} (536 gold, have 44).
  1309 | D:2      | 1309 ||| BUYING potion of might (40 gold).
  1309 | D:2      | Bought a potion of might for 40 gold pieces
  1309 | D:2      | 1309 ||| SHOPLISTING scroll of identify (20 gold, have 4).
  1523 | D:2      | 1523 ||| UPGRADING to +0 pair of gloves.
  1528 | D:2      | 1528 ||| READING scroll labelled BORIXIP NUNI.
  1529 | D:2      | 1529 ||| DRINKING 2 viscous brown potions.
  1530 | D:2      | 1530 ||| DROPPING potion of flight.
  1598 | D:3      | 1598 ||| Stepping ~*~*~tactically~*~*~ (hiding).
  1654 | D:3      | 1654 ||| Stepping ~*~*~tactically~*~*~ (stealth).
  1664 | D:3      | 1664 ||| Stepping ~*~*~tactically~*~*~ (stealth).
  1665 | D:3      | 1665 ||| Stepping ~*~*~tactically~*~*~ (stealth).
  1680 | D:3      | 1680 ||| FLEEEEING.
  1681 | D:3      | 1681 ||| FLEEEEING.
  1689 | D:3      | Reached XP level 5. HP: 15/32 MP: 5/5
  1903 | D:3      | 1903 ||| DROPPING +0 mace.
  1923 | D:3      | Found a hazy altar of Hepliaklqana.
  2104 | D:3      | Found a glowing golden altar of the Shining One.
  2599 | D:3      | 2599 ||| UPGRADING to +0 helmet.
  2652 | D:4      | Noticed an ogre
  2660 | D:4      | Killed an ogre
  2661 | D:4      | Reached skill level 5 in Axes
  2661 | D:4      | Reached XP level 6. HP: 37/37 MP: 6/6
  2749 | D:4      | Reached skill level 1 in Throwing
  2785 | D:4      | Mangled by an ogre

Levels and vault maps discovered:
D:1:      eino_arrival_cavern_c, layout_loops_ring
D:2:      layout_rooms, serial_shops, shop
D:3:      layout_basic, lemuel_coloured_pillars_altar,
          nzn_hepliaklqana_mist_gate, dreamdust_wishing_well,
          kennysheep_generic_room_6
D:4:      layout_gridville

Skill      XL: |  1  2  3  4  5  6 |
---------------+-------------------+-----
Axes           | 2 3 4 5 |  5.6
Throwing       | 1 |  1.1
Fighting       | |  3.2
Armour         | |  3.2
Shields        | |  3.2

Action                   |  1- 3 |  4- 6 || total
-------------------------+-------+-------++-------
Melee: War axe           |    74 |   104 ||   178
Throw: Javelin           |       |     8 ||     8
  Use: Scroll            |     3 |     1 ||     4
       Potion            |     1 |     1 ||     2
Armor: Scale mail        |    11 |       ||    11
       Chain mail        |    45 |    61 ||   106
Dodge: Dodged            |    29 |    39 ||    68
Block: Buckler           |    20 |    11 ||    31

Table legend:
 A = Non-vault XP
 B = Vault XP
 C = Vault XP percentage of total XP
 D = Non-vault monster count
 E = Vault monster count
 F = Vault count percentage of total count
                 A         B        C        D         E       F
            +---------+---------+-------+---------+---------+-------
      Total |     382 |       2 |   0.5 |      58 |       1 |   1.7
            +---------+---------+-------+---------+---------+-------
        D:1 |      24 |       0 |   0.0 |      15 |       0 |   0.0
        D:2 |      85 |       0 |   0.0 |      22 |       0 |   0.0
        D:3 |     112 |       2 |   1.8 |      19 |       1 |   5.0
        D:4 |     161 |       0 |   0.0 |       2 |       0 |   0.0
            +---------+---------+-------+---------+---------+-------
